 Dungeon Crawl Stone Soup version 0.29.0-4-gdea44cf6ec (webtiles) character file.

Game seed: 2127253602536692580

77 qw the Ruffian (level 4, -1/35 HPs)
             Began as a Ghoul Fire Elementalist on Aug 29, 2022.
             Slain by a gnoll
             ... wielding a +0 club
              (5 damage)
             ... on level 3 of the Dungeon.
             The game lasted 00:01:41 (2051 turns).

qw the Ruffian (Ghoul Fire Elementalist)            Turns: 2051, Time: 00:01:41

Health: -1/35      AC:  7    Str: 13    XL:     4   Next: 33%
Magic:  5/5        EV: 10    Int: 10    God:
Gold:   1028       SH:  0    Dex:  9    Spells: 5/6 levels left

rFire   + . .      SeeInvis .     - Unarmed
rCold   + + .      Faith    .   (no shield)
rNeg    + + +      Spirit   .   g - +0 ring mail
rPois   inf        Reflect  .   (no helmet)
rElec   .          Harm     .   (no cloak)
rCorr   .          Rampage  .   i - +1 pair of gloves
Will    .....                   (no boots)
Stlth   +.........              (no amulet)
HPRegen 0.00/turn               e - ring of protection from fire
MPRegen 0.09/turn               j - ring of protection from cold

@: inhibited regen
A: claws 1, cold resistance 1, negative energy resistance 3, inhibited
regeneration, torment resistance 2, devour on kill
a: no special abilities


You were on level 3 of the Dungeon.
You visited 1 branch of the dungeon, and saw 3 of its levels.

You collected 1028 gold pieces.


Innate Abilities, Weirdness & Mutations

You are immune to poison.
You have sharp fingernails.
Your flesh is cold resistant. (rC+)
You are immune to negative energy. (rN+++)
You do not regenerate when monsters are visible.
You are immune to unholy pain and torment.
You thrive by killing the living.


   Skills:
 + Level 1.0 Fighting
 - Level 1.7 Dodging
 - Level 2.1 Stealth
 - Level 4.0 Unarmed Combat
 - Level 1.7 Spellcasting
 - Level 0.7 Conjurations
 - Level 2.4 Fire Magic


You had 5 spell levels left.
You knew the following spells:

 Your Spells              Type           Power      Damage    Failure   Level
a - Foxfire               Conj/Fire      16%        2x1d4     36%         1

Your spell library contained the following spells:

 Spells                   Type           Power      Damage    Failure   Level
 Scorch                   Fire           10%        2d6       36%         2
 Conjure Flame            Conj/Fire      4%         6-21      73%         3
 Inner Flame              Hex/Fire       3%         N/A       78%         3
 Flame Wave               Conj/Fire      4%         2d5       98%         4

Inventory:

Missiles
 f - 3 boomerangs (quivered)
Armour
 a - a +0 cloak
 g - a +0 ring mail (worn)
 i - a +1 pair of gloves (worn)
Jewellery
 e - a ring of protection from fire (left hand)
 j - a ring of protection from cold (right hand)
Scrolls
 h - a scroll of fear {unknown}
Potions
 b - a potion of might {unknown}
 c - a potion of curing {unknown}
 d - a potion of ambrosia {unknown}
 k - a potion of attraction {unknown}

Dungeon Overview and Level Annotations

Branches:
Dungeon (3/15)

Altars:


Message History

You barely miss the gnoll.
The gnoll is almost dead.
The endoplasm quivers.
You hit the gnoll but do no damage.
The gnoll is almost dead.
The gnoll hits you with a +0 spear.
You hit the gnoll.
You kill the gnoll!
You feel better.
You have reached level 4!
You hit the gnoll.
The gnoll is lightly wounded.
The gnoll hits you with a +0 whip.
You hit the gnoll.
The gnoll is lightly wounded.
The gnoll hits you with a +0 whip.
You hit the gnoll.
The gnoll is moderately wounded.
The gnoll hits you but does no damage.
You hit the gnoll.
The gnoll is severely wounded.
The gnoll closely misses you.
You hit the gnoll.
You kill the gnoll!
You hit the endoplasm.
The endoplasm is lightly wounded.
The endoplasm hits you but does no damage.
You hit the endoplasm.
The endoplasm is almost dead.
The endoplasm hits you but does no damage.
You hit the endoplasm.
You kill the endoplasm!
You feel better.
Your Unarmed Combat skill increases to level 4!
You hit the gnoll but do no damage. The gnoll hits you but does no damage.
You hit the gnoll.
The gnoll is moderately wounded.
The gnoll hits you with a +0 club.
You die...

# ####.# ####>...#
##########....####
#................#
.......###.#.##..# #
#...###.#.....#.# #.#
#...g@..####....# #.#
#..#.##..####.####.#.#
#. #. #............#.#
g. #........#####.#
.g. #........# #.#
#.## .........# ##.#
#. ##.......# #..# #.
#.......# ##.##
#.......###..###


You could see a gnoll.

Vanquished Creatures
  3 gnolls (D:3)
  A worm (D:3)
  6 ball pythons
  6 bats
  5 endoplasms
  3 giant cockroaches
  4 goblins
  3 hobgoblins
  6 frilled lizards
  3 kobolds
  3 rats (D:1)
43 creatures vanquished.

Vanquished Creatures (others)
  A plant (D:3)
1 creature vanquished.

Grand Total: 44 creatures vanquished

Notes
Turn   | Place    | Note
-------+----------+-------------------------------------------
     0 | D:1      | qw the Ghoul Fire Elementalist began the quest for the Orb.
     0 | D:1      | Reached XP level 1. HP: 14/14 MP: 2/2
     0 | D:1      | 0 ||| qw: Version: 0.1-a-90-g952f4b7
     0 | D:1      | 0 ||| qw: Game counter: 3699
     0 | D:1      | 0 ||| qw: Always use a shield: true
     0 | D:1      | 0 ||| qw: God list: Okawaru
     0 | D:1      | 0 ||| qw: Allow faded altars: false
     0 | D:1      | 0 ||| qw: Do Orc after D:15 true
     0 | D:1      | 0 ||| qw: Do second Lair branch before Depths: true
     0 | D:1      | 0 ||| qw: Lair rune preference: random
     0 | D:1      | 0 ||| qw: Plans: Normal
     0 | D:1      | 0 ||| PLANNING D:1-11
   252 | D:1      | Reached skill level 1 in Unarmed Combat
   423 | D:1      | Reached skill level 1 in Fighting
   423 | D:1      | Reached XP level 2. HP: 23/23 MP: 3/3
   430 | D:1      | 430 ||| Stepping ~*~*~tactically~*~*~ (stealth).
   470 | D:1      | 470 ||| Stepping ~*~*~tactically~*~*~ (stealth).
   518 | D:1      | 518 ||| Stepping ~*~*~tactically~*~*~ (stealth).
   602 | D:1      | 602 ||| Stepping ~*~*~tactically~*~*~ (stealth).
   613 | D:1      | 613 ||| Stepping ~*~*~tactically~*~*~ (stealth).
   614 | D:1      | 614 ||| Stepping ~*~*~tactically~*~*~ (stealth).
   683 | D:1      | Reached skill level 2 in Unarmed Combat
  1054 | D:1      | Reached XP level 3. HP: 28/28 MP: 4/4
  1219 | D:1      | 1219 ||| UPGRADING to +0 pair of gloves.
  1224 | D:1      | 1224 ||| UPGRADING to ring of protection from fire.
  1225 | D:1      | 1225 ||| UPGRADING to ring of protection from cold.
  1226 | D:1      | 1226 ||| READING scroll labelled YPHIGR YDIFALA.
  1227 | D:1      | 1227 ||| READING 2 scrolls labelled ULOLACWOIR.
  1228 | D:1      | 1228 ||| READING 2 scrolls labelled PAL TADASCHYO.
  1229 | D:1      | 1229 ||| READING scroll of enchant armour.
  1229 | D:1      | 1229 ||| ENCHANTING +0 pair of gloves.
  1230 | D:1      | 1230 ||| DROPPING potion of magic.
  1231 | D:1      | 1231 ||| DROPPING scroll of amnesia.
  1599 | D:2      | Reached skill level 3 in Unarmed Combat
  1732 | D:2      | Found a faded altar of an unknown god.
  1847 | D:2      | 1847 ||| UPGRADING to +0 ring mail.
  1857 | D:2      | 1857 ||| DROPPING +0 robe.
  1858 | D:2      | 1858 ||| READING scroll labelled KIUTEK REUMYWA.
  1858 | D:2      | Identified a scroll of acquirement
  1858 | D:2      | 1858 ||| ACQUIRING 903 gold pieces
  1858 | D:2      | Acquired 903 gold pieces
  1860 | D:2      | 1860 ||| READING scroll labelled FEFUOR GOYHU.
  1861 | D:2      | 1861 ||| DRINKING 2 fizzy dark potions.
  1862 | D:2      | 1862 ||| DROPPING potion of lignification.
  1867 | D:3      | 1867 ||| PLANNING SEWER
  1935 | D:3      | 1935 ||| Stepping ~*~*~tactically~*~*~ (stealth).
  2022 | D:3      | 2022 ||| Stepping ~*~*~tactically~*~*~ (hiding).
  2025 | D:3      | 2025 ||| Stepping ~*~*~tactically~*~*~ (stealth).
  2034 | D:3      | HP: 7/28 [gnoll/+0 spear (3)]
  2040 | D:3      | HP: 2/28 [gnoll/+0 spear (2)]
  2042 | D:3      | Reached XP level 4. HP: 7/35 MP: 5/5
  2050 | D:3      | Reached skill level 4 in Unarmed Combat
  2051 | D:3      | Slain by a gnoll

Levels and vault maps discovered:
D:1:      dpeg_arrival_tiny_a, layout_loops_ring, reono_crystal_passage,
          nrook_campfire, minmay_pentomino_z4
D:2:      layout_basic, shapermc_ecumenical_altar_mp_vishouse
D:3:      corexii_shack_village, layout_loops_cross, kennysheep_slug_shrine,
          portal_sewer_entry_d, eino_tiny_chamber, minmay_parallelograms

Skill      XL: |  1  2  3  4 |
---------------+-------------+-----
Unarmed Combat | 1 2 3 4 |  4.0
Fighting       | 1 |  1.0
Dodging        | |  1.7
Stealth        | |  2.1
Spellcasting   | |  1.7
Conjurations   | |  0.7
Fire Magic     | |  2.4

Action                   |  1- 3 |  4- 6 || total
-------------------------+-------+-------++-------
Melee: Unarmed           |   124 |    10 ||   134
       Punch             |     1 |       ||     1
Throw: Boomerang         |    73 |       ||    73
  Use: Scroll            |     6 |       ||     6
       Potion            |     1 |       ||     1
Armor: Robe              |    37 |       ||    37
       Ring mail         |     4 |     4 ||     8
Dodge: Dodged            |    58 |     1 ||    59

Table legend:
 A = Non-vault XP
 B = Vault XP
 C = Vault XP percentage of total XP
 D = Non-vault monster count
 E = Vault monster count
 F = Vault count percentage of total count
                 A         B        C        D         E       F
            +---------+---------+-------+---------+---------+-------
      Total |     106 |       4 |   3.6 |      41 |       2 |   4.7
            +---------+---------+-------+---------+---------+-------
        D:1 |      32 |       4 |  11.1 |      21 |       2 |   8.7
        D:2 |      20 |       0 |   0.0 |      13 |       0 |   0.0
        D:3 |      54 |       0 |   0.0 |       7 |       0 |   0.0
            +---------+---------+-------+---------+---------+-------
